 Dungeon Crawl Stone Soup version 0.29.1-12-g30fa7ad0bf (webtiles) character file.

Game seed: 15614734715365823645

11734 Lutefisk the Fighter (level 12, -9/90 HPs)
             Began as a Formicid Arcane Marksman on Dec 23, 2022.
             Was a Believer of Hepliaklqana.
             Killed from afar by a molten gargoyle (15 damage)
             ... with a bolt of magma
             ... in a volcano.
             The game lasted 00:58:47 (6954 turns).

Lutefisk the Fighter (Formicid Arcane Marksman)     Turns: 6954, Time: 00:58:48

Health: -9/90      AC: 12    Str: 21    XL:     12   Next: 11%
Magic:  8/15       EV: 14    Int: 14    God:    Hepliaklqana [**....]
Gold:   506        SH:  0    Dex: 16    Spells: 10/15 levels left

rFire   + + .      SeeInvis +   z - +2 arbalest (flame)
rCold   + . .      Faith    .   (no shield)
rNeg    . . .      Spirit   .   d - +5 leather armour of the Wild Haggis {Rampage rC+ Str+4 SInv}
rPois   .          Reflect  .   (helmet unavailable)
rElec   .          Harm     .   T - +0 cloak {rF+}
rCorr   .          Rampage  +   q - +0 pair of gloves
Will    +....                   (no boots)
Stlth   ++........              (no amulet)
HPRegen 0.25/turn               y - ring of protection from fire
MPRegen 0.14/turn               (no ring)

@: no status effects
A: reduced essence, permanent stasis, dig shafts and tunnels, antennae 3, four
strong arms
a: Dig, Renounce Religion, Recall Ancestor, Ancestor Identity


You were in a volcano.
You worshipped Hepliaklqana.
Hepliaklqana was pleased with you.
You visited 3 branches of the dungeon, and saw 11 of its levels.
You also visited: Volcano.

You collected 506 gold pieces.

Inventory:

Hand Weapons
 a - a +6 sling
 z - a +2 arbalest of flaming (weapon)
 A - a +0 dagger
 E - a +5 scimitar of freezing
 F - the +9 halberd of the Wraith {drain, rC+ Dex+4}
   (You found it on level 5 of the Dungeon)

   A truly terrible weapon, it drains the life of any living foe it strikes.
   Dex:       It affects your dexterity (+4).
   rC:        It protects you from cold.
Missiles
 j - 6 poisoned darts
 C - 2 atropa-tipped darts
 S - 5 boomerangs of dispersal (quivered)
Armour
 c - a +1 leather armour of poison resistance
 d - the +5 leather armour of the Wild Haggis (worn) {Rampage rC+ Str+4 SInv}
   (You found it on level 5 of the Dungeon)

   Str:       It affects your strength (+4).
   rC:        It protects you from cold.
   SInv:      It lets you see invisible.
   Rampage:   It bestows one free step when moving towards enemies.
 q - a +0 pair of gloves (worn)
 v - a +1 scale mail of poison resistance
 x - a +2 robe
 P - +0 acid dragon scales
 T - a +0 cloak of fire resistance (worn)
Magical Staves
 g - a staff of cold
Jewellery
 y - a ring of protection from fire (left hand)
 O - a ring of flight
Wands
 l - a wand of mindburst (13)
 G - a wand of paralysis (10)
 L - a wand of roots (7)
Scrolls
 b - 5 scrolls of poison
 h - 3 scrolls of teleportation {unknown}
 i - 2 scrolls of immolation {unknown}
 k - a scroll of enchant weapon {unknown}
 n - 4 scrolls of identify
 o - 3 scrolls of magic mapping {unknown}
 p - 2 scrolls of amnesia {unknown}
 r - a scroll of noise {unknown}
 s - 2 scrolls of blinking {unknown}
 u - 3 scrolls of vulnerability {unknown}
 B - 2 scrolls of butterflies {unknown}
 H - a scroll of enchant armour {unknown}
Potions
 e - 2 potions of lignification
 f - a potion of might {unknown}
 m - 2 potions of resistance {unknown}
 w - 3 potions of degeneration
 D - 2 potions of cancellation {unknown}
 I - a potion of curing {unknown}
 J - a potion of flight {unknown}
 K - 2 potions of brilliance {unknown}
 M - a potion of mutation {unknown}
 N - 2 potions of invisibility {unknown}
 Q - a potion of ambrosia {unknown}
 R - a potion of berserk rage {unknown}


   Skills:
 - Level 11.0 Fighting
 - Level 9.0 Ranged Weapons
 - Level 1.0 Throwing
 - Level 9.0 Armour
 * Level 5.1 Dodging
 - Level 4.0 Stealth
 - Level 2.0 Spellcasting
 - Level 6.0 Hexes
 - Level 1.0 Summonings
 - Level 5.0 Invocations
 - Level 5.0 Evocations


You had 10 spell levels left.
You knew the following spells:

 Your Spells              Type           Power      Damage    Failure   Level
a - Slow                  Hex            72%        N/A       2%          1
b - Summon Small Mammal   Summ           16%        N/A       17%         1
c - Summon Guardian Gole  Hex/Summ       11%        N/A       19%         3

Your spell library contained the following spells:

 Spells                   Type           Power      Damage    Failure   Level
 Confusing Touch          Hex            18%        N/A       7%          3
 Inner Flame              Hex/Fire       9%         N/A       22%         3
 Portal Projectile        Hex/Tloc       18%        N/A       22%         3
 Cause Fear               Hex            9%         N/A       22%         4
 Freeze                   Ice            4%         1d3       26%         1
 Sting                    Tmut/Pois      4%         1d3       26%         1
 Poisonous Vapours        Pois/Air       2%         N/A       36%         2
 Call Canine Familiar     Summ           4%         N/A       45%         3
 Frozen Ramparts          Ice            2%         1d1       61%         3
 Gell's Gravitas          Tloc           1%         N/A       61%         3
 Lesser Beckoning         Tloc           1%         N/A       61%         3
 Teleport Other           Tloc           1%         N/A       61%         3
 Vampiric Draining        Necr           1%         2d6       61%         3
 Hailstorm                Conj/Ice       1%         3d3       95%         4
 Olgreb's Toxic Radiance  Pois           1%         N/A       95%         4


Dungeon Overview and Level Annotations

Branches:
Dungeon (9/15)             Temple (1/1) D:6            Lair (1/5) D:9
    Orc (0/2) D:9         Volcano (1/1)

Altars:
Ashenzari
Cheibriados
Dithmenos
Elyvilon
Fedhas
Gozag
Hepliaklqana
Kikubaaqudgha
Makhleb
Nemelex Xobeh
Okawaru
Qazlal
Ru
Sif Muna
Trog
Uskayaw
Vehumet
Xom
Yredelemnul
Zin
The Shining One

Annotations:
D:6 Maggie
D:8 2 transporters, ZoeForever1's ghost, novice DrTm


Innate Abilities, Weirdness & Mutations

Your life essence is reduced to manifest your ancestor. (-10% HP)
You cannot be hasted, slowed, berserked, paralysed or teleported.
You can dig through walls and to a lower floor.
You have a pair of large antennae on your head. (SInv)
Your four strong arms can wield two-handed weapons with a shield.


Message History

You can't dig through that.
The grasping roots constrict the molten gargoyle.
The roots release their grip on the molten gargoyle.
The molten gargoyle hits you with a +0 mace!
You are engulfed in flames.
You resist.
There is an open door, spattered with blood here.
The molten gargoyle hits you with a +0 mace!
* * * LOW HITPOINT WARNING * * *
You are engulfed in flames.
You resist.
* * * LOW HITPOINT WARNING * * *
You swap places.
The molten gargoyle blasts magma at you!
The bolt of magma hits you! You partially resist.
* * * LOW HITPOINT WARNING * * *
You feel much better.
A molten gargoyle comes into view. It is wielding a +0 morningstar.
The molten gargoyle hits you with a +0 mace.
You are engulfed in flames.
You resist.
Okay, then.
Unknown command.
The molten gargoyle blasts magma at your guardian golem!
The bolt of magma hits your guardian golem!
Your guardian golem partially resists.
The molten gargoyle hits you with a +0 mace!!
* * * LOW HITPOINT WARNING * * *
You are engulfed in flames.
You resist.
* * * LOW HITPOINT WARNING * * *
Okay, then.
Okay, then.
Unknown command.
Okay, then.
As you read the scroll labelled GENKAR SUITZEAR, it crumbles to dust.
It is a scroll of identify.
w - 3 potions of degeneration The molten gargoyle blasts magma at you!
The bolt of magma hits you. You partially resist.
* * * LOW HITPOINT WARNING * * *
The molten gargoyle blasts magma at you!
The bolt of magma hits you! You partially resist.
You die...

##++#''##
##########.....###############
..........8...8...9........~~#
......).....⌠(......d.○))..{~#
##########.....##########){###
# ###### #.....# ###### #{.# #
#.##.# #8...8# #.##.# #..#
###'##'###########'##'###).#
...........# #..@9.........#
...........# #..)9.d.......#
#########9'###'9############
##....#... ##...#.#.#.
###..#~~~#~~~ ###..##~{~~# ~~
##..9#~~~~~~#~~~ #..##~~~~~~~#
{


You could see a red draconian, 2 molten gargoyles and a friendly guardian golem
(summoned).

Vanquished Creatures
  A cyclops (Volcano)
  A salamander (Volcano)
  An elephant (D:9)
  2 molten gargoyles (Volcano)
  A gargoyle (Volcano)
  An unseen horror (D:8)
  An efreet (Volcano)
  Prince Ribbit (D:7)
  A blink frog (Lair:1)
  A wyvern (D:9)
  A steam dragon (D:9)
  An acid dragon (D:8)
  A water moccasin (D:7)
  3 nameless horrors
  An orc warrior (D:9)
  3 black bears
  2 ogres
  3 wolves
  2 centaurs
  A phantom (D:6)
  3 bullfrogs
  A necrophage (D:4)
  2 scorpions (D:4)
  5 wights
  3 killer bees (D:7)
  A jelly (D:5)
  An electric eel (Lair:1)
  3 howler monkeys
  6 hounds
  An orc wizard (D:7)
  Jessica (D:3)
  3 iguanas
  2 adders (D:3)
  3 gnolls
  A shadow imp (D:5)
  4 white imps
  An ufetubus (D:7)
  A worm (D:2)
  A dart slug (D:2)
  18 orcs
  5 endoplasms
  4 giant cockroaches
  4 goblins
  7 hobgoblins
  2 jackals (D:2)
  6 quokkas
  9 ball pythons
  6 bats
  4 frilled lizards
  4 kobolds
  8 rats
149 creatures vanquished.

Vanquished Creatures (collateral kills)
  A salamander (Volcano)
  A cyclops (Volcano)
  3 gargoyles (Volcano)
  2 blink frogs (Lair:1)
  3 yaks
  A wyvern (D:9)
  A basilisk (D:9)
  A black bear (D:9)
  An orc warrior (D:9)
  3 wolves (Lair:1)
  A bullfrog (D:8)
  A howler monkey (D:7)
  An orc wizard (D:9)
  A worm (D:2)
  2 orcs (D:9)
23 creatures vanquished.

Vanquished Creatures (others)
  A two-headed ogre (D:8)
  Joseph (D:7)
  A gargoyle (Volcano)
  4 yaks
  An orc warrior (D:5)
  A nameless horror (D:7)
  A bullfrog (Lair:1)
  12 wights
  3 killer bees (D:7)
  A hound (D:5)
  5 ancestors
  2 knights (Volcano)
  3 orc wizards (D:5)
  2 orcs (D:5)
  A fungus (D:9)
39 creatures vanquished.

Grand Total: 211 creatures vanquished

Notes
Turn   | Place    | Note
-------+----------+-------------------------------------------
     0 | D:1      | Lutefisk the Formicid Arcane Marksman began the quest for
                  | the Orb.
     0 | D:1      | Reached XP level 1. HP: 15/15 MP: 2/2
   106 | D:1      | Reached skill level 1 in Stealth
   112 | D:1      | Reached XP level 2. HP: 22/22 MP: 3/3
   117 | D:1      | Found a faded altar of an unknown god.
   119 | D:1      | Noticed an eye of devastation
   127 | D:1      | Noticed a floating eye
   130 | D:1      | Noticed a shining eye
   130 | D:1      | Noticed an eye of devastation
   142 | D:1      | Reached skill level 2 in Fighting
   333 | D:1      | Learned a level 1 spell: Summon Small Mammal
   445 | D:2      | Reached XP level 3. HP: 22/28 MP: 1/4
   574 | D:2      | Reached skill level 1 in Summonings
   700 | D:2      | Reached skill level 3 in Fighting
   917 | D:3      | Noticed Jessica
   932 | D:3      | Reached XP level 4. HP: 18/35 MP: 1/5
  1094 | D:3      | Killed Jessica
  1135 | D:3      | Reached skill level 4 in Fighting
  1204 | D:3      | Reached XP level 5. HP: 38/42 MP: 2/6
  1599 | D:4      | Noticed an ogre
  1774 | D:4      | Noticed a black bear
  2071 | D:3      | Killed a black bear
  2072 | D:3      | Reached XP level 6. HP: 29/50 MP: 2/7
  2258 | D:4      | Learned a level 3 spell: Summon Guardian Golem
  2347 | D:4      | Reached skill level 5 in Fighting
  2358 | D:4      | Found a shadowy altar of Dithmenos.
  2359 | D:4      | Found an opulent altar of Gozag.
  2437 | D:4      | Killed an ogre
  2438 | D:4      | Reached skill level 1 in Evocations
  2438 | D:4      | Reached skill level 1 in Throwing
  2438 | D:4      | Reached skill level 1 in Armour
  2483 | D:4      | Reached XP level 7. HP: 50/56 MP: 2/8
  2587 | D:5      | Entered Level 5 of the Dungeon
  2626 | D:4      | Reached skill level 6 in Fighting
  3174 | D:5      | Reached XP level 8. HP: 64/64 MP: 3/11
  3189 | D:5      | Reached skill level 5 in Ranged Weapons
  3258 | D:5      | Identified the +5 leather armour of the Wild Haggis
                  | {Rampage rC+ Str+4 SInv}
  3349 | D:5      | Identified the +9 halberd of the Wraith {drain, rC+ Dex+4}
  3547 | D:6      | Found a sparkling altar of Nemelex Xobeh.
  3604 | D:6      | Found a staircase to the Ecumenical Temple.
  3604 | D:6      | You fall into a shaft and drop 3 floors!
  3704 | D:6      | Reached XP level 9. HP: 71/71 MP: 12/12
  3712 | Temple   | Entered the Ecumenical Temple
  3718 | Temple   | Became a worshipper of Hepliaklqana the Forgotten
  3747 | D:6      | Reached skill level 7 in Fighting
  3876 | D:6      | Found a shimmering altar of Xom.
  3876 | D:6      | Noticed Maggie
  4006 | D:7      | Noticed a nameless horror
  4010 | D:7      | Killed a nameless horror
  4043 | D:7      | Reached skill level 8 in Fighting
  4125 | D:7      | Reached skill level 1 in Invocations
  4184 | D:7      | Noticed Prince Ribbit
  4414 | D:7      | Reached skill level 9 in Fighting
  4484 | D:7      | Reached * piety under Hepliaklqana
  4538 | D:7      | Noticed Joseph
  4553 | D:7      | Killed Joseph
  4554 | D:7      | Reached skill level 5 in Hexes
  4555 | D:7      | Killed Prince Ribbit
  4556 | D:7      | Reached XP level 10. HP: 74/74 MP: 8/13
  4666 | D:8      | Noticed an unseen horror
  4847 | D:8      | Reached skill level 10 in Fighting
  5040 | D:8      | Killed an unseen horror
  5052 | D:8      | Found a transporter.
  5059 | D:8      | Noticed ZoeForever1's ghost (novice DrTm)
  5103 | D:8      | Found a transporter.
  5104 | D:8      | Noticed a white ugly thing
  5121 | D:8      | Identified the +5 trident "Sejireog" {vorpal, rElec SInv}
  5201 | D:8      | Noticed a two-headed ogre
  5418 | D:8      | Killed a two-headed ogre
  5459 | D:9      | Reached skill level 5 in Armour
  5746 | D:9      | Found a staircase to the Orcish Mines.
  5763 | D:9      | Found a shimmering blue altar of Sif Muna.
  5810 | D:9      | Reached ** piety under Hepliaklqana
  5812 | D:9      | Remembered your ancestor Bintanath as a knight
  5826 | D:9      | Reached XP level 11. HP: 81/81 MP: 14/14
  5851 | D:9      | Found a broken altar of Ashenzari.
  5900 | D:9      | Found a staircase to the Lair.
  5900 | D:9      | Noticed an elephant
  5914 | D:9      | Reached skill level 5 in Invocations
  5919 | D:9      | Killed an elephant
  5920 | D:9      | Reached skill level 5 in Evocations
  5949 | Lair:1   | Entered Level 1 of the Lair of Beasts
  6146 | Lair:1   | Reached skill level 5 in Dodging
  6217 | Lair:1   | Found a dark tunnel.
  6224 | Volcano  | Entered a volcano
  6353 | Volcano  | Noticed a cyclops
  6364 | Volcano  | Killed a cyclops
  6560 | Volcano  | Noticed a salamander
  6572 | Volcano  | Killed a salamander
  6619 | Volcano  | Noticed a salamander
  6627 | Volcano  | Killed a salamander
  6628 | Volcano  | Reached skill level 11 in Fighting
  6738 | Volcano  | Noticed a cyclops
  6753 | Volcano  | Killed a cyclops
  6759 | Volcano  | Reached XP level 12. HP: 67/90 MP: 9/15
  6799 | Volcano  | Reached *** piety under Hepliaklqana
  6806 | Volcano  | Noticed an orb of fire
  6876 | Volcano  | Noticed a red draconian
  6954 | Volcano  | Killed from afar by a molten gargoyle

Illustrated notes

Levels and vault maps discovered:
D:1:      minmay_arrival_solitary_statue, layout_basic,
          hellmonk_ecumenical_altar_watching_god, st_stairs_3
D:2:      layout_loops_ring, grunt_ministairs_2
D:3:      layout_basic, interstate_on_off, minmay_pentomino_pile, uniq_jessica
D:4:      layout_rooms, gammafunk_temple_overflow_wave, sigmund_army
D:5:      layout_gridville
D:6:      layout_cave_pods, mainiacjoe_overflow_six_doors_small,
          nemelex_diamond_rough_becter, minmay_temple_entry_grid, uniq_maggie
D:7:      layout_basic, uniq_prince_ribbit1, uniq_joseph
D:8:      cheibrodos_iron_armory, layout_cave_pools, nzn_ghost_randoct,
          roderic_nine_men_s_morris
D:9:      layout_rooms, mainiacjoe_overflow_24_doors, kennysheep_orc_sif_temple,
          david_lair_generic, minmay_misc_feat_chi, amethyst_killhole,
          eino_house_with_fridge
Temple:   minmay_freezing_vapour_temple
Lair:1:   layout_cave_shapes, enter_volcano_2, grunt_megastairs_5,
          infiniplex_staircase_pool, serial_bayou_shore_a
Volcano:  hellmonk_zot_springs

Skill      XL: |  1  2  3  4  5  6  7  8  9 10 11 12 |
---------------+-------------------------------------+-----
Stealth        | 1 2 3 4 |  4.0
Fighting       | 2 3 4 5 6 9 10 11 | 11.0
Summonings     | 1 |  1.0
Ranged Weapons | 3 4 6 8 9 |  9.0
Hexes          | 4 5 6 |  6.0
Evocations     | 1 3 4 5 |  5.0
Throwing       | 1 |  1.0
Armour         | 1 2 3 4 6 8 9 |  9.0
Dodging        | 2 3 4 5 |  5.1
Spellcasting   | 2 |  2.0
Invocations    | 2 4 5 |  5.0

Action                   |  1- 3 |  4- 6 |  7- 9 | 10-12 || total
-------------------------+-------+-------+-------+-------++-------
Melee: Quarterstaff      |    40 |    40 |    26 |       ||   106
       Punch             |       |     1 |       |     2 ||     3
       Halberd           |       |       |    51 |    70 ||   121
       Sling             |       |       |       |     2 ||     2
 Fire: Sling             |    68 |    65 |    92 |   113 ||   338
       Arbalest          |       |       |       |     3 ||     3
Throw: Dart              |       |    14 |     1 |     1 ||    16
 Cast: Slow              |     1 |     2 |       |       ||     3
       Summon Small Mamm |     6 |    10 |     2 |       ||    18
       Summon Guardian G |       |       |    16 |    16 ||    32
Invok: Ancestor Life: Kn |       |       |       |     1 ||     1
       Recall Ancestor   |       |       |       |     1 ||     1
 Abil: Dig               |       |       |       |     1 ||     1
Evoke: Wand              |       |     1 |       |     2 ||     3
  Use: Potion            |       |       |     1 |     4 ||     5
       Scroll            |       |       |       |     1 ||     1
 Stab: Sleeping          |       |       |     2 |       ||     2
Armor: Robe              |     9 |     8 |       |       ||    17
       Leather armour    |       |    18 |    33 |    37 ||    88
       Skin              |       |       |     5 |       ||     5
Dodge: Dodged            |    33 |    57 |    76 |    78 ||   244
